 Dungeon Crawl Stone Soup version 0.30-a0-757-ga6a79fd877 (webtiles) character file.

Game seed: 1379448061642410086

133 theblackgale the Insei (level 4, 0/32 HPs)
             Began as a Demonspawn Transmuter on Feb 9, 2023.
             Slain by a black bear (3 damage)
             ... on level 4 of the Dungeon.
             The game lasted 00:18:45 (6327 turns).

theblackgale the Insei (Demonspawn Transmuter)      Turns: 6327, Time: 00:18:45

Health: 0/32       AC: 12    Str: 10      XL:     4   Next: 94%
Magic:  7/7        EV: 12    Int: 15 (17) God:
Gold:   125        SH:  0    Dex: 13      Spells: 7/8 levels left

rFire   . . .      SeeInvis .      - Unarmed
rCold   . . .      Faith    .    (no shield)
rNeg    . . .      Spirit   .    a - +2 robe
rPois   .          Reflect  .    (helmet restricted)
rElec   .          Harm     .    (no cloak)
rCorr   +          Rampage  .    d - +1 pair of gloves
Will    .....                    (no boots)
Stlth   ++                       (no amulet)
HPRegen 0.25/turn                c - ring of resist corrosion
MPRegen 0.10/turn                f - +4 ring of protection

@: no status effects
A: horns 1, yellow scales 1
a: no special abilities


You were on level 4 of the Dungeon.
You visited 1 branch of the dungeon, and saw 5 of its levels.

You collected 125 gold pieces.

Inventory:

Armour
 a - a +2 robe (worn)
 d - a +1 pair of gloves (worn)
Jewellery
 c - a ring of resist corrosion (left hand)
 f - a +4 ring of protection (right hand)
Wands
 h - a wand of digging (3)
Scrolls
 i - a scroll of enchant weapon (quivered)
 j - a scroll of vulnerability
Potions
 b - 2 potions of lignification


   Skills:
 + Level 1.3 Fighting
 + Level 2.9 Dodging
 + Level 0.8 Stealth
 + Level 3.7 Unarmed Combat
 + Level 2.5 Spellcasting
 + Level 2.2 Transmutations


You had 7 spell levels left.
You knew the following spells:

 Your Spells              Type           Power      Damage    Failure   Level
a - Beastly Appendage     Tmut           16%        N/A       9%          1

Your spell library contained the following spells:

 Spells                   Type           Power      Damage    Failure   Level
 Wereblood                Tmut           8%         N/A       13%         2
 Spider Form              Tmut/Pois      5%         N/A       36%         3
 Summon Guardian Golem    Hex/Summ       1%         N/A       54%         3
 Ice Form                 Ice/Tmut       5%         N/A       78%         4
 Orb of Destruction       Conj           0%         9d5       100%        7
 Spellforged Servitor     Conj/Summ      0%         N/A       100%        7


Dungeon Overview and Level Annotations

Branches:
Dungeon (5/15)
 Temple: D:4-7

Altars:


Innate Abilities, Weirdness & Mutations

You have a pair of small horns on your head.
You are partially covered in yellow scales. (AC +2)


Message History

There is a stone staircase leading down here.
The black bear attacks as you move away!
The black bear bites you but does no damage.
The black bear barely misses you.
The black bear claws you but does no damage.
The black bear attacks as you move away!
The black bear barely misses you.
The black bear claws you but does no damage.
The black bear claws you.
* * * LOW HITPOINT WARNING * * *
The black bear attacks as you move away!
The black bear bites you but does no damage.
The black bear closely misses you.
The black bear claws you but does no damage.
The black bear attacks as you move away!
The black bear barely misses you.
The black bear claws you but does no damage. x2
The black bear attacks as you move away!
The black bear closely misses you. The black bear barely misses you.
The black bear claws you but does no damage.
The black bear misses you.
The black bear claws you but does no damage. x2
The black bear attacks as you move away!
The black bear barely misses you. The black bear closely misses you. x2
The black bear attacks as you move away!
The black bear barely misses you. The black bear completely misses you.
The black bear closely misses you.
The black bear attacks as you move away!
The black bear bites you.
* * * LOW HITPOINT WARNING * * *
The black bear closely misses you.
The black bear claws you but does no damage.
You see here a hobgoblin corpse.
The black bear attacks as you move away!
The black bear barely misses you. The black bear claws you.
* * * LOW HITPOINT WARNING * * *
The black bear claws you but does no damage.
The black bear attacks as you move away!
The black bear closely misses you. The black bear claws you.
You die...

### ## # #..# #. ## #.####.
#.##. #. ...#.# #..# ### #.
#..#####.## #.# ##.
#........#### #.# #..
###.......†...######.## ##..
#.....###..h@.........####...
#.............)..............
#.......................?###.
#......##...........#.#### ##
#..#..######.........#).#
#...##..# ##.......##..# #..#
#..# ##.....###..# # #.. #..#
##.....###..### #. .. #..#
##.............###..


You could see a black bear.

Vanquished Creatures
  A hound (D:4)
  2 adders
  An ufetubus (D:4)
  12 orcs
  8 ball pythons
  4 endoplasms
  4 giant cockroaches
  3 goblins
  3 hobgoblins
  2 quokkas
  10 bats
  5 frilled lizards
  6 kobolds
  8 rats
69 creatures vanquished.

Notes
Turn   | Place    | Note
-------+----------+-------------------------------------------
     0 | D:1      | theblackgale the Demonspawn Transmuter began the quest for
                  | the Orb.
     0 | D:1      | Reached XP level 1. HP: 15/15 MP: 3/3
   151 | D:1      | Gained mutation: You are partially covered in yellow
                  | scales. (AC +2) [demonic ancestry]
   151 | D:1      | Reached XP level 2. HP: 18/20 MP: 3/5
   231 | D:1      | Reached skill level 3 in Unarmed Combat
  4999 | D:1      | Glimpsed the power of Zot.
  5061 | D:2      | Reached XP level 3. HP: 26/26 MP: 4/6
  5084 | D:2      | Found a faded altar of an unknown god.
  5859 | D:3      | Mutation became permanent: You have a pair of small horns
                  | on your head. [demonic ancestry]
  5859 | D:3      | Gained mutation: You have a pair of horns on your head.
                  | [demonic ancestry]
  5859 | D:3      | Reached XP level 4. HP: 32/32 MP: 5/7
  6208 | D:4      | Noticed a black bear
  6300 | D:5      | Entered Level 5 of the Dungeon
  6301 | D:5      | HP: 1/32 [black bear (2)]
  6307 | D:4      | HP: 1/32 [black bear (1)]
  6327 | D:4      | Slain by a black bear

Illustrated notes

Levels and vault maps discovered:
D:1:      ncdulo_wetmaze, layout_rooms
D:2:      layout_basic, hellmonk_ecumenical_altar_blasted
D:3:      cheibrodos_old_hovel, layout_loops_ring, minmay_quantized
D:4:      nicolae_cairo_tiling_very_big, layout_layer_cave,
          chequers_serial_rivers_room_b, roderic_batcave, uniq_duvessa
D:5:      layout_basic, minmay_misc_feat_columns

Skill      XL: |  1  2 |
---------------+-------+-----
Dodging        | 2 |  2.9
Unarmed Combat | 3 |  3.7
Transmutations | 2 |  2.2
Fighting       | |  1.3
Stealth        | |  0.8
Spellcasting   | |  2.5

Action                     |  1- 3 |  4- 6 || total
---------------------------+-------+-------++-------
  Melee: Unarmed           |   138 |    98 ||   236
         Kick              |    28 |    16 ||    44
         Dagger            |     8 |       ||     8
         Headbutt          |    10 |    11 ||    21
         Punch             |     3 |     2 ||     5
   Cast: Beastly Appendage |    30 |    12 ||    42
    Use: Scroll            |     8 |     3 ||    11
         Potion            |     1 |       ||     1
   Stab: Sleeping          |     1 |       ||     1
 Armour: Robe              |    63 |   248 ||   311
  Dodge: Dodged            |   105 |   399 ||   504

Table legend: (Time is in decaauts)
 A = Elapsed time spent in this place.
 B = Non-inter-level travel time spent in this place.
 C = Inter-level travel time spent in this place.
 D = Time resting spent in this place.
 E = Time spent auto-exploring this place.
 F = Levels seen in this place.
 G = Mean time per level.
                   A        B        C        D        E       F      G
               +--------+--------+--------+--------+--------+-----+--------+
         Total |   6315 |   5364 |    951 |   4703 |      0 |   5 | 1263.0 |
       Dungeon |   6315 |   5364 |    951 |   4703 |      0 |   5 | 1263.0 |
               +--------+--------+--------+--------+--------+-----+--------+

Top non-repeatable levels by time:
     D:1: 5027 daAuts
     D:3: 538 daAuts
     D:2: 402 daAuts
     D:4: 345 daAuts
     D:5: 1 daAuts
